 Dungeon Crawl Stone Soup version 0.27.0-1-g7a089689b8 (webtiles) character file.

Game seed: 10838460039302527069

4 SnakkuSnakku7 the Vexing (level 1, -2/19 HPs)
             Began as an Ogre Enchanter on Aug 13, 2021.
             Slain by a ball python (3 damage)
             ... on level 1 of the Dungeon.
             The game lasted 00:00:29 (100 turns).

SnakkuSnakku7 the Vexing (Ogre Enchanter)            Turns: 100, Time: 00:00:29

Health: -2/19      AC:  3    Str: 11    XL:     1   Next: 60%
Magic:  3/3        EV:  9    Int: 16    God:
Gold:   15         SH:  0    Dex:  9    Spells: 3/4 levels left

rFire    . . .     SeeInvis .   a - +1 dagger
rCold    . . .     Faith    .   (no shield)
rNeg     . . .     Spirit   .   b - +0 robe
rPois    .         Reflect  .   (helmet restricted)
rElec    .         Harm     .   (no cloak)
rCorr    .         Rampage  .   (gloves unavailable)
Will     .....                  (boots unavailable)
Stlth    ++........             (no amulet)
HPRegen  0.06/turn              (no ring)
MPRegen  0.08/turn              (no ring)

@: no status effects
A: large, unfitting armour, tough skin 1
a: no special abilities


You were on level 1 of the Dungeon.
You visited 1 branch of the dungeon, and saw 1 of its levels.

You collected 15 gold pieces.

Inventory:

Hand Weapons
 a - a +1 dagger (weapon)
Armour
 b - a +0 robe (worn)


   Skills:
 + Level 1.0 Fighting
 - Level 0.8 Short Blades
 + Level 0.6 Throwing
 - Level 1.7 Dodging
 - Level 2.1 Stealth
 - Level 2.4 Spellcasting
 - Level 2.6 Hexes


You had 3 spell levels left.
You knew the following spells:

 Your Spells              Type           Power      Damage    Failure   Level
a - Corona                Hex            11%        N/A       7%          1

Your spell library contained the following spells:

 Spells                   Type           Power      Damage    Failure   Level
 Ensorcelled Hibernation  Hex/Ice        12%        N/A       17%         2
 Confusing Touch          Hex            10%        N/A       21%         3
 Tukima's Dance           Hex            10%        N/A       21%         3
 Dazzling Flash           Conj/Hex       12%        N/A       34%         3


Dungeon Overview and Level Annotations

Branches:
Dungeon (1/15)

Altars:


Innate Abilities, Weirdness & Mutations

You are too large for most types of armour.
You have tough skin. (AC +1)


Message History

You are too injured to fight recklessly!
You hit the jackal.
The jackal is almost dead.
The jackal barely misses you.
The ball python bites you but does no damage.
You hit the jackal.
You kill the jackal!
The ball python bites you but does no damage.
You completely miss the jackal. The jackal barely misses you.
The ball python bites you.
You hit the jackal.
The jackal is heavily wounded.
The jackal barely misses you. The ball python bites you.
* * * LOW HITPOINT WARNING * * *
You hit the jackal.
The jackal is almost dead.
The jackal bites you.
* * * LOW HITPOINT WARNING * * *
The ball python bites you.
* * * LOW HITPOINT WARNING * * *
The jackal bites you.
* * * LOW HITPOINT WARNING * * *
The ball python bites you but does no damage.
You hit the ball python but do no damage.
The jackal barely misses you. The ball python bites you.
* * * LOW HITPOINT WARNING * * *
Unknown command.
The jackal closely misses you.
Unknown command.
You hit the jackal but do no damage.
The jackal is almost dead.
The jackal barely misses you.
The ball python bites you but does no damage.
You hit the jackal.
You kill the jackal!
The ball python bites you but does no damage.
Your Fighting skill increases to level 1!
You closely miss the ball python. The ball python barely misses you.
You closely miss the ball python. The ball python bites you.
You die...

######### #........ #
#........ # #........ #
#.#+#+### # #####...#.##
# #...#......######
#####...#.....##@...#
..............##†S..#
..............†.....+
#.............##....##..
...##...##..............
...##...##..#.#.######.#
...############..## #
...# #.....## ....
####.8....##


You could see a ball python.

Vanquished Creatures
  An endoplasm (D:1)
  2 jackals (D:1)
3 creatures vanquished.

Notes
Turn   | Place    | Note
-------+----------+-------------------------------------------
     0 | D:1      | SnakkuSnakku7 the Ogre Enchanter began the quest for the
                  | Orb.
     0 | D:1      | Reached XP level 1. HP: 16/16 MP: 3/3
    99 | D:1      | Reached skill level 1 in Fighting
   100 | D:1      | Slain by a ball python

Illustrated notes

Levels and vault maps discovered:
D:1:      grunt_arrival_lava_bath, layout_basic, chequers_ecumenical_altar_grove

Skill      XL: |  1 |
---------------+----+-----
Fighting       | 1 |  1.0
Short Blades   | |  0.8
Throwing       | |  0.6
Dodging        | |  1.7
Stealth        | |  2.1
Spellcasting   | |  2.4
Hexes          | |  2.6

Action                   || total
-------------------------++-------
Melee: Dagger            ||    17
Armor: Robe              ||     8
Dodge: Dodged            ||    14
